General information
- name: BNet
- type: Ladder team game (AT/RT)
- host: Battle.net
- saver: Truhan
map: DragonFalls
- players: 8
- length: 39:26
- speed: Fast
- version: 1.26 W3XP
- replay type: Public
» download(217 KB)
Players
team 1 (loser)

»
TheTruhanShow (
purple | 59 APM | 2320 actions | 39:25)
9 Archmage
3 Summon Water Elemental
3 Brilliance Aura
1 Mass Teleport
2 Blizzard
2 Priestess of the Moon
1 Trueshot Aura
1 Starfall
» actions
| Assign group hotkey | 138 | |
| Basic commands | 157 | |
| Build / train | 153 | |
| ESC pressed | 7 | |
| Enter build submenu | 37 | |
| Enter hero's abilities submenu | 11 | |
| Give item / drop item | 3 | |
| Remove unit from queue | 1 | |
| Right click | 828 | |
| Select / deselect | 501 | |
| Select group hotkey | 331 | |
| Use ability | 153 | |
2320 total
» units
| Peasant | 21 | |
| Goblin Zeppelin | 8 | |
| Mortar Team | 9 | |
| Flying Machine | 49 | |
| Siege Engine | 10 | |
97 total
» upgrades
| Masonry | 3 | |
| Gunpowder | 3 | |
| Armor | 2 | |
| Flare | 1 | |
| Lumber Harvesting | 2 | |
| Magic Sentry | 1 | |
| Fragmentation Shards | 1 | |
| Flak Cannons | 1 | |
| Barrage | 1 | |
| Swords | 0 | |
| Plating | 3 | |
| Flying Machine Bombs | 1 | |
19 total
» buildings
| Farm | 10 | |
| Altar of Kings | 1 | |
| Scout Tower | 10 | |
| Arcane Vault | 1 | |
| Barracks | 1 | |
| Arcane Tower | 1 | |
| Blacksmith | 1 | |
| Lumber Mill | 2 | |
| Keep | 1 | |
| Guard Tower | 7 | |
| Town Hall | 2 | |
| Workshop | 4 | |
| Arcane Sanctum | 1 | |
| Castle | 1 | |
43 total
» build order
00:24 Farm
00:35 Altar of Kings
00:51 Farm
01:06 Scout Tower
01:17 Arcane Vault
01:52 Barracks
02:12 Arcane Tower
02:26 Farm
02:54 Farm
02:55 Farm
03:13 Blacksmith
03:23 Farm
03:27 Lumber Mill
04:17 Keep
04:45 Scout Tower
04:52 Scout Tower
04:55 Scout Tower
05:18 Guard Tower
05:22 Scout Tower
06:16 Scout Tower
06:18 Scout Tower
06:26 Town Hall
06:49 Workshop
07:56 Scout Tower
07:58 Arcane Sanctum
08:39 Guard Tower
08:52 Guard Tower
09:02 Guard Tower
09:25 Lumber Mill
10:04 Workshop
11:14 Castle
12:58 Farm
13:00 Farm
13:01 Farm
14:39 Guard Tower
18:29 Workshop
18:31 Workshop
18:34 Farm
24:03 Town Hall
24:05 Scout Tower
24:05 Scout Tower
25:30 Guard Tower
34:23 Guard Tower
» items
| Scroll of Town Portal | 2 | |
| Potion of Healing | 5 | |
| Orb of Fire | 2 | |
| Lesser Clarity Potion | 1 | |
| Potion of Mana | 2 | |
12 total

»
afk69 (
pink | 68 APM | 2007 actions | 29:19)
6 Mountain King
3 Storm Bolt
2 Thunder Clap
1 Avatar
5 Archmage
3 Brilliance Aura
2 Blizzard
1 Naga Sea Witch
1 Forked Lightning
» actions
| Assign group hotkey | 29 | |
| Build / train | 94 | |
| ESC pressed | 1 | |
| Enter build submenu | 35 | |
| Enter hero's abilities submenu | 12 | |
| Give item / drop item | 4 | |
| Remove unit from queue | 1 | |
| Right click | 792 | |
| Select / deselect | 365 | |
| Select group hotkey | 589 | |
| Use ability | 85 | |
2007 total
» units
| Peasant | 17 | |
| Priest | 7 | |
| Dragonhawk Rider | 14 | |
| Gryphon Rider | 5 | |
| Green Dragon | 1 | |
| Green Drake | 1 | |
| Green Dragon Whelp | 1 | |
46 total
» upgrades
| Masonry | 2 | |
| Magic Sentry | 1 | |
| Lumber Harvesting | 2 | |
| Priest Training | 2 | |
| Cloud | 1 | |
| Storm Hammers | 1 | |
9 total
» buildings
| Farm | 9 | |
| Altar of Kings | 1 | |
| Lumber Mill | 1 | |
| Scout Tower | 7 | |
| Keep | 2 | |
| Guard Tower | 5 | |
| Arcane Vault | 1 | |
| Arcane Tower | 4 | |
| Arcane Sanctum | 1 | |
| Castle | 2 | |
| Gryphon Aviary | 2 | |
| Town Hall | 3 | |
| Blacksmith | 1 | |
39 total
» build order
00:24 Farm
00:44 Altar of Kings
01:00 Farm
01:38 Lumber Mill
02:28 Scout Tower
02:49 Keep
02:57 Guard Tower
03:10 Scout Tower
03:22 Farm
03:42 Guard Tower
04:01 Scout Tower
04:11 Scout Tower
04:16 Scout Tower
04:31 Arcane Vault
04:33 Arcane Tower
04:33 Arcane Tower
04:45 Guard Tower
04:49 Farm
05:24 Arcane Sanctum
05:42 Castle
05:47 Gryphon Aviary
05:50 Arcane Tower
06:08 Scout Tower
06:40 Town Hall
06:46 Guard Tower
07:37 Gryphon Aviary
10:43 Farm
11:19 Farm
11:26 Blacksmith
11:54 Farm
14:02 Town Hall
15:01 Farm
20:25 Scout Tower
21:13 Farm
21:14 Guard Tower
23:45 Town Hall
» items
| Orb of Fire | 2 | |
| Potion of Healing | 3 | |
| Potion of Mana | 1 | |
6 total
Arsenalgas (
red | 33 APM | 938 actions | 28:35)
4 Priestess of the Moon
2 Trueshot Aura
2 Searing Arrows
» actions
| Assign group hotkey | 7 | |
| Build / train | 65 | |
| Enter build submenu | 24 | |
| Enter hero's abilities submenu | 4 | |
| Remove unit from queue | 2 | |
| Right click | 343 | |
| Select / deselect | 410 | |
| Select group hotkey | 61 | |
| Use ability | 22 | |
938 total
» units
| Wisp | 9 | |
| Archer | 17 | |
| Huntress | 6 | |
| Glaive Thrower | 1 | |
| Hippogryph | 11 | |
| Chimaera | 5 | |
49 total
» upgrades
| Strength of the Moon | 1 | |
| Improved Bows | 1 | |
| Vorpal Blades | 1 | |
| Hippogryph Taming | 1 | |
| Moon Armor | 1 | |
| Marksmanship | 1 | |
6 total
» buildings
| Moon Well | 9 | |
| Altar of Elders | 1 | |
| Ancient of War | 2 | |
| Hunter's Hall | 1 | |
| Tree of Ages | 1 | |
| Ancient of Wind | 2 | |
| Tree of Eternity | 1 | |
| Chimaera Roost | 2 | |
19 total
» build order
00:14 Moon Well
00:17 Altar of Elders
00:23 Ancient of War
01:57 Moon Well
02:57 Moon Well
04:06 Ancient of War
04:12 Hunter's Hall
07:14 Moon Well
11:14 Moon Well
11:25 Tree of Ages
14:00 Ancient of Wind
14:43 Tree of Eternity
15:34 Ancient of Wind
19:23 Chimaera Roost
21:09 Chimaera Roost
22:05 Moon Well
22:59 Moon Well
23:25 Moon Well
25:09 Moon Well
Flubba (
teal | 21 APM | 613 actions | 29:28)
4 Paladin
2 Holy Light
2 Devotion Aura
3 Mountain King
1 Bash
2 Storm Bolt
» actions
| Build / train | 83 | |
| Enter build submenu | 37 | |
| Enter hero's abilities submenu | 7 | |
| Remove unit from queue | 4 | |
| Right click | 232 | |
| Select / deselect | 194 | |
| Use ability | 56 | |
613 total
» units
| Peasant | 13 | |
| Footman | 14 | |
| Priest | 3 | |
| Mortar Team | 5 | |
| Siege Engine | 4 | |
| Knight | 9 | |
48 total
» upgrades
| Flare | 1 | |
| Barrage | 1 | |
| Animal War Training | 1 | |
| Fragmentation Shards | 1 | |
4 total
» buildings
| Altar of Kings | 2 | |
| Farm | 9 | |
| Barracks | 2 | |
| Lumber Mill | 2 | |
| Scout Tower | 15 | |
| Keep | 1 | |
| Guard Tower | 14 | |
| Town Hall | 1 | |
| Arcane Sanctum | 1 | |
| Blacksmith | 1 | |
| Workshop | 1 | |
| Arcane Vault | 1 | |
| Castle | 1 | |
| Cannon Tower | 1 | |
52 total
» build order
00:13 Altar of Kings
00:41 Farm
00:56 Barracks
01:31 Farm
01:59 Barracks
02:12 Farm
02:49 Farm
03:37 Farm
04:24 Farm
04:29 Lumber Mill
04:34 Scout Tower
04:45 Keep
05:47 Farm
05:51 Guard Tower
05:56 Scout Tower
06:26 Guard Tower
06:44 Town Hall
06:57 Farm
07:15 Arcane Sanctum
07:37 Farm
08:45 Blacksmith
11:27 Workshop
11:39 Scout Tower
13:38 Scout Tower
13:55 Arcane Vault
14:12 Castle
14:22 Scout Tower
14:24 Guard Tower
14:26 Guard Tower
14:57 Guard Tower
15:08 Scout Tower
17:23 Scout Tower
17:49 Guard Tower
18:57 Lumber Mill
20:20 Guard Tower
22:33 Altar of Kings
23:23 Scout Tower
23:26 Scout Tower
23:29 Scout Tower
23:33 Scout Tower
25:04 Scout Tower
25:07 Scout Tower
25:11 Scout Tower
25:14 Scout Tower
25:17 Guard Tower
25:19 Cannon Tower
25:22 Guard Tower
25:24 Guard Tower
26:21 Guard Tower
26:23 Guard Tower
26:26 Guard Tower
26:30 Guard Tower
» items
team 2 (winner)

»
Truhan (
yellow | 58 APM | 2288 actions | 39:26)
8 Archmage
3 Blizzard
3 Brilliance Aura
1 Mass Teleport
1 Summon Water Elemental
9 Mountain King
3 Storm Bolt
3 Bash
1 Avatar
2 Thunder Clap
9 Paladin
3 Holy Light
3 Divine Shield
1 Resurrection
2 Devotion Aura
» actions
| Assign group hotkey | 37 | |
| Basic commands | 149 | |
| Build / train | 107 | |
| Enter build submenu | 37 | |
| Enter hero's abilities submenu | 29 | |
| Give item / drop item | 3 | |
| Remove unit from queue | 1 | |
| Right click | 693 | |
| Select / deselect | 480 | |
| Select group hotkey | 604 | |
| Use ability | 148 | |
2288 total
» units
| Peasant | 10 | |
| Dragonhawk Rider | 8 | |
| Goblin Shredder | 1 | |
| Furbolg Shaman | 1 | |
| Thunder Lizard | 1 | |
| Rifleman | 9 | |
30 total
» upgrades
| Masonry | 3 | |
| Cloud | 1 | |
| Animal War Training | 1 | |
| Armor | 3 | |
| Plating | 0 | |
| Swords | 3 | |
| Storm Hammers | 1 | |
| Long Rifles | 1 | |
| Gunpowder | 3 | |
16 total
» buildings
| Altar of Kings | 1 | |
| Farm | 8 | |
| Lumber Mill | 4 | |
| Scout Tower | 8 | |
| Arcane Vault | 1 | |
| Guard Tower | 8 | |
| Keep | 1 | |
| Arcane Tower | 1 | |
| Barracks | 2 | |
| Blacksmith | 1 | |
| Gryphon Aviary | 2 | |
| Castle | 1 | |
| Town Hall | 4 | |
42 total
» build order
00:13 Altar of Kings
00:36 Farm
01:46 Farm
02:15 Lumber Mill
02:23 Scout Tower
03:04 Arcane Vault
03:28 Scout Tower
03:35 Guard Tower
03:38 Scout Tower
03:43 Scout Tower
03:49 Keep
03:59 Arcane Tower
04:38 Barracks
04:48 Guard Tower
05:50 Blacksmith
06:15 Gryphon Aviary
06:17 Castle
06:33 Gryphon Aviary
07:19 Guard Tower
07:29 Guard Tower
08:10 Farm
08:12 Farm
08:22 Farm
08:25 Farm
11:46 Lumber Mill
12:09 Town Hall
13:47 Scout Tower
14:15 Guard Tower
18:16 Farm
18:20 Farm
19:58 Scout Tower
22:09 Guard Tower
22:14 Town Hall
22:33 Barracks
25:56 Town Hall
26:02 Scout Tower
26:29 Guard Tower
26:30 Scout Tower
31:16 Guard Tower
31:21 Lumber Mill
32:35 Lumber Mill
34:27 Town Hall
» items
| Healing Salve | 1 | |
| Potion of Healing | 3 | |
| Ivory Tower | 13 | |
| Orb of Fire | 1 | |
| Staff of Sanctuary | 1 | |
| Scroll of Town Portal | 1 | |
20 total

»
travis (
green | 26 APM | 1012 actions | 39:25)
7 Blademaster
3 Wind Walk
3 Critical Strike
1 Bladestorm
» actions
| Build / train | 114 | |
| Enter build submenu | 38 | |
| Enter hero's abilities submenu | 6 | |
| Remove unit from queue | 1 | |
| Right click | 372 | |
| Select / deselect | 393 | |
| Use ability | 88 | |
1012 total
» units
| Peon | 12 | |
| Wind Rider | 43 | |
| Troll Witch Doctor | 13 | |
| Shaman | 8 | |
76 total
» upgrades
| Ranged Weapons | 3 | |
| Armor | 3 | |
| Witch Doctor Training | 2 | |
| Envenomed Spears | 1 | |
| Shaman Training | 2 | |
| Spiked Barricades | 2 | |
| Reinforced Defenses | 1 | |
14 total
» buildings
| Orc Burrow | 10 | |
| Altar of Storms | 1 | |
| War Mill | 3 | |
| Stronghold | 1 | |
| Voodoo Lounge | 1 | |
| Fortress | 1 | |
| Spirit Lodge | 1 | |
| Beastiary | 2 | |
| Great Hall | 1 | |
| Watch Tower | 14 | |
35 total
» build order
00:12 Orc Burrow
00:28 Altar of Storms
01:10 Orc Burrow
01:37 War Mill
02:01 War Mill
02:36 Stronghold
04:33 Voodoo Lounge
05:07 Fortress
05:12 Spirit Lodge
05:18 Beastiary
07:16 Beastiary
08:07 Orc Burrow
09:53 Orc Burrow
10:58 Orc Burrow
12:13 Orc Burrow
14:52 Great Hall
20:19 Orc Burrow
22:25 Watch Tower
22:27 Watch Tower
22:30 Watch Tower
22:33 Watch Tower
22:52 Watch Tower
28:31 Watch Tower
28:35 Watch Tower
29:20 Watch Tower
31:16 Watch Tower
31:21 Watch Tower
32:24 Watch Tower
32:27 Watch Tower
32:31 Watch Tower
36:03 War Mill
38:58 Orc Burrow
39:00 Orc Burrow
39:02 Orc Burrow
39:09 Watch Tower
» items
| Healing Salve | 2 | |
| Potion of Healing | 6 | |
| Scroll of Town Portal | 1 | |
9 total

»
250LbsOfVito (
blue | 19 APM | 737 actions | 39:25)
8 Blademaster
3 Wind Walk
3 Critical Strike
1 Bladestorm
1 Mirror Image
» actions
| Assign group hotkey | 11 | |
| Basic commands | 59 | |
| Build / train | 66 | |
| Enter build submenu | 12 | |
| Enter hero's abilities submenu | 8 | |
| Give item / drop item | 1 | |
| Right click | 162 | |
| Select / deselect | 193 | |
| Select group hotkey | 162 | |
| Use ability | 61 | |
737 total
» units
| Peon | 14 | |
| Grunt | 7 | |
| Tauren | 8 | |
| Demolisher | 3 | |
| Troll Headhunter/Berserker | 4 | |
36 total
» upgrades
| Spiked Barricades | 1 | |
| Armor | 3 | |
| Melee Weapons | 3 | |
| Pulverize | 1 | |
| Reinforced Defenses | 1 | |
| Berserker Upgrade | 1 | |
| Troll Regeneration | 1 | |
11 total
» buildings
| Orc Burrow | 10 | |
| War Mill | 1 | |
| Altar of Storms | 1 | |
| Barracks | 1 | |
| Voodoo Lounge | 1 | |
| Watch Tower | 6 | |
| Stronghold | 1 | |
| Fortress | 1 | |
| Tauren Totem | 2 | |
24 total
» build order
00:35 Orc Burrow
00:41 War Mill
00:59 Altar of Storms
01:17 Barracks
01:59 Orc Burrow
02:40 Voodoo Lounge
02:51 Orc Burrow
03:49 Watch Tower
03:52 Watch Tower
03:53 Watch Tower
03:55 Watch Tower
03:56 Watch Tower
03:57 Watch Tower
05:31 Stronghold
06:05 Orc Burrow
06:07 Orc Burrow
06:08 Orc Burrow
06:10 Orc Burrow
08:11 Fortress
10:34 Tauren Totem
10:38 Tauren Totem
21:35 Orc Burrow
21:37 Orc Burrow
21:40 Orc Burrow
» items
| Healing Salve | 2 | |
| Lesser Clarity Potion | 1 | |
| Scroll of Speed | 1 | |
| Potion of Lesser Invulnerability | 2 | |
| Circlet of Nobility | 1 | |
| Scroll of Town Portal | 1 | |
8 total
DjSoopedXD (
orange | 28 APM | 1093 actions | 39:25)
7 Tauren Chieftain
3 War Stomp
3 Endurance Aura
1 Reincarnation
» actions
| Basic commands | 1 | |
| Build / train | 89 | |
| Enter build submenu | 18 | |
| Enter hero's abilities submenu | 7 | |
| Give item / drop item | 7 | |
| Remove unit from queue | 4 | |
| Right click | 519 | |
| Select / deselect | 393 | |
| Use ability | 55 | |
1093 total
» units
| Peon | 14 | |
| Goblin Shredder | 1 | |
| Tauren | 15 | |
| Troll Witch Doctor | 17 | |
| Kodo Beast | 9 | |
56 total
» upgrades
| Melee Weapons | 3 | |
| Armor | 3 | |
| Witch Doctor Training | 2 | |
| War Drums Damage Increase | 1 | |
| Pulverize | 1 | |
| Backpack | 1 | |
11 total
» buildings
| Altar of Storms | 1 | |
| Orc Burrow | 9 | |
| War Mill | 2 | |
| Barracks | 1 | |
| Stronghold | 1 | |
| Spirit Lodge | 1 | |
| Beastiary | 1 | |
| Fortress | 1 | |
| Great Hall | 1 | |
| Tauren Totem | 3 | |
| Voodoo Lounge | 2 | |
23 total
» build order
00:17 Altar of Storms
00:23 Orc Burrow
00:40 War Mill
01:51 Barracks
01:59 Orc Burrow
02:54 Stronghold
04:03 Orc Burrow
05:18 Spirit Lodge
05:22 Beastiary
05:24 Fortress
05:33 War Mill
06:53 Orc Burrow
07:43 Great Hall
07:59 Tauren Totem
08:00 Tauren Totem
08:12 Tauren Totem
11:40 Voodoo Lounge
12:16 Orc Burrow
12:21 Orc Burrow
14:26 Voodoo Lounge
22:10 Orc Burrow
22:11 Orc Burrow
22:12 Orc Burrow
» items
| Scroll of Town Portal | 2 | |
| Orb of Lightning | 6 | |
8 total
Chat log
(00:07 / All) Truhan: fair enoguh
(00:14 / All) TheTruhanShow: I asked him for a game a while ago, he pleaded not to own wc3 sadly
(00:18 / All) Truhan: oh
(00:23 / All) 250LbsOfVito: fuckin twat
(00:31 / All) TheTruhanShow: though I suspect he was just dodging me
(01:00 / All) TheTruhanShow: You're not going to spoil my strat to your team are you
(01:05 / All) Truhan: nah
(01:09 / All) TheTruhanShow: k
(01:10 / All) 250LbsOfVito: fuker
(01:15 / All) Truhan: But you probably ruined it just now by mentioning it
(01:23 / All) 250LbsOfVito: yah twat
(01:23 / All) Truhan: Now they're gonna be extra cautious
(01:27 / All) TheTruhanShow: meh
(01:30 / All) TheTruhanShow: shit happens
(01:37 / Allies) DjSoopedXD: tell me :d
(01:37 / All) 250LbsOfVito: it suerley does
(02:02 / Allies) Truhan: eh, just stay on your toes.
(02:09 / All) 250LbsOfVito: fuck off
(02:15 / All) 250LbsOfVito: break some toes
(02:16 / All) TheTruhanShow: nty
(02:58 / All) 250LbsOfVito: malBosia
(04:03 / Allies) 250LbsOfVito: hey Travis
(04:21 / Allies) travis: hello
(04:24 / Allies) 250LbsOfVito: yeh
(04:30 / Allies) 250LbsOfVito: u in toke?
(04:44 / Allies) travis: yes
(04:45 / Allies) 250LbsOfVito: u J's cousin
(04:52 / Allies) travis: yes
(04:56 / Allies) 250LbsOfVito: k
(06:19 / Allies) travis: i got healers
(06:25 / Allies) DjSoopedXD: PLZ HELP
(06:46 / Allies) Truhan: right away
(07:51 / Allies) Truhan: wood please
(07:52 / Allies) Truhan: if you have extra
(08:01 / Allies) Truhan: thank
(08:03 / Allies) Truhan: s
(09:29 / All) TheTruhanShow: i have
(09:32 / All) TheTruhanShow: wtf pies
(09:36 / All) Truhan: ?
(09:40 / All) TheTruhanShow: i have thirteen workers on lumber and still no bloody wood
(09:43 / Allies) travis: must heal
(09:45 / Allies) Truhan: yeah
(09:54 / Allies) Truhan: try sneaking a shredder out too, or begging your allies for some lol
(09:54 / Allies) DjSoopedXD: U NEED A
(10:00 / Allies) DjSoopedXD: SGREDDER
(10:06 / All) Truhan: try sneaking a shredder out too, or begging oyur allies for some lol
(10:10 / All) Truhan: and upgarde wood harvesting
(13:20 / Allies) Truhan: out
(13:42 / All) DjSoopedXD: YJX 4 THE LUNCH
(14:29 / Allies) travis: anyone get blod
(15:38 / All) Truhan: So that's what purps plan thing was
(15:48 / All) 250LbsOfVito: very common
(16:54 / Allies) Truhan: out
(16:55 / All) DjSoopedXD: HELLO
(16:59 / Allies) Truhan: yeah
(17:00 / Allies) Truhan: i don't hav ea tp
(17:45 / Allies) DjSoopedXD: WTT WOOD FOR MINERAL
(20:44 / Allies) Truhan: back
(20:45 / All) Truhan: back green
(20:46 / All) Truhan: get out
(21:46 / All) Truhan: get out oj
(23:59 / All) 250LbsOfVito: noob
(24:07 / All) TheTruhanShow: hey pies
(24:08 / All) Truhan: sure you didn't mean to say nobo?
(24:13 / All) TheTruhanShow: mind backstabbing him for that remark?
(24:20 / All) Truhan: nah
(24:20 / All) TheTruhanShow: it was quite uncalled for
(24:25 / All) 250LbsOfVito: they wont
(24:31 / All) Truhan: I'll gladly watch you guys duke it out in a 1v1 though
(24:32 / All) Truhan: I can host
(24:51 / Allies) 250LbsOfVito: oj
(24:52 / Allies) DjSoopedXD: ima give all taurus lught orbs
(25:11 / Allies) 250LbsOfVito: they cant use it tho oj
(25:14 / Allies) 250LbsOfVito: only heros
(25:18 / Allies) DjSoopedXD: look
(25:19 / Allies) 250LbsOfVito: they can carry cant use
(25:19 / Allies) Truhan: lol
(25:21 / Allies) DjSoopedXD: see
(25:36 / All) Truhan: Orange is giving lightning orbs to his tauren units
(25:37 / All) Truhan: be afraid
(25:40 / Allies) 250LbsOfVito: see no effect
(25:44 / Allies) 250LbsOfVito: lol
(25:52 / Allies) 250LbsOfVito: no otehr can use items cept hero
(25:59 / Allies) 250LbsOfVito: and the others can carry it
(26:03 / Allies) 250LbsOfVito: not use it tho
(26:05 / Allies) 250LbsOfVito: lol
(26:08 / Allies) 250LbsOfVito: i wish bud
(26:12 / Allies) Truhan: yeah taht'd be insane
(26:21 / Allies) 250LbsOfVito: it would be
(26:23 / Allies) 250LbsOfVito: lol
(26:25 / Allies) DjSoopedXD: lemme get some beast iders
(27:21 / Allies) DjSoopedXD: omw
(29:35 / All) TheTruhanShow: yawn
(29:38 / All) 250LbsOfVito: LMAO
(29:41 / All) TheTruhanShow: why must I always get allies who dont know how to counter
(29:41 / Allies) DjSoopedXD: lol
(29:43 / All) 250LbsOfVito: gud try purp
(29:59 / All) DjSoopedXD: stay plz
(30:25 / All) 250LbsOfVito: always get alatr first purp
(30:31 / All) 250LbsOfVito: rookei mistake
(30:35 / All) Truhan: lol
(30:44 / All) TheTruhanShow: you think I was paying attention?
(30:50 / All) 250LbsOfVito: sigh
(31:00 / All) 250LbsOfVito: Liek i care what u were watching son
(31:07 / Allies) Truhan: wood please someone
(31:14 / All) TheTruhanShow: obviously you do or you wouldnt have said anything
(32:27 / All) 250LbsOfVito: LOL
(32:29 / All) 250LbsOfVito: weak
(32:35 / All) TheTruhanShow: you're aware bladestorm doesnt hit air?
(32:37 / All) DjSoopedXD: i still have my taurens
(32:41 / All) 250LbsOfVito: lol
(32:50 / All) 250LbsOfVito: uhh yah after 5500 game
(32:55 / All) TheTruhanShow: pies, backstab this guy already
(32:57 / All) TheTruhanShow: dont like his attitude
(32:58 / All) 250LbsOfVito: i think im a lil Aware
(33:10 / All) Truhan: There's nothing of his to backstab
(33:18 / All) TheTruhanShow: so kill the other allies
(33:20 / All) TheTruhanShow: make him get a loss
(33:23 / All) Truhan: lol
(33:32 / All) TheTruhanShow: stop being a fucking retard about it, make him lose
(33:33 / Allies) 250LbsOfVito: hey green u hear that ?
(33:39 / All) DjSoopedXD: i can 1h units
(33:45 / Allies) DjSoopedXD: i
(33:50 / All) Truhan: see
(33:53 / All) DjSoopedXD: i take 94 dmg
(33:59 / All) Truhan: ojs basically saying that he'll fuck me up if i bs
(34:01 / All) TheTruhanShow: you are wasting him attacking pink
(34:12 / All) DjSoopedXD: ???
(34:42 / All) TheTruhanShow: stop attacking me pies or I will never play another game with you again
(35:06 / All) 250LbsOfVito: chase me dumb fuck
(35:14 / All) DjSoopedXD: theres thousands of WC players
(35:31 / All) 250LbsOfVito: mjeez kid i was gonna give u the benefit but now i see u r a noob
(35:59 / All) Truhan: killed blues bm
(36:10 / All) 250LbsOfVito: its true he did
(36:18 / All) DjSoopedXD: ???
(36:20 / All) 250LbsOfVito: and now my units lol
(36:22 / All) 250LbsOfVito: sigh
(36:25 / All) 250LbsOfVito: yellow
(36:27 / All) TheTruhanShow: now kill the others
(36:29 / All) TheTruhanShow: finish your allies
(36:31 / All) 250LbsOfVito: u should not have doen that
(36:49 / All) Truhan: surely you guys can handle copters and a level 4 priestess without me?
(37:25 / All) Truhan: wow
(37:26 / All) Truhan: the 3 of
(37:27 / All) Truhan: yo
(37:29 / All) Truhan: really failed that hard
(37:32 / All) Truhan: to kill 2 guys?
(37:36 / All) Truhan: the fuck
(37:56 / All) DjSoopedXD: get units punk ass yelliw
(38:00 / All) Truhan: lol
(38:13 / All) 250LbsOfVito: oj yllow is Tk'n us
(38:24 / All) 250LbsOfVito: i didnt know u did not realize that
(39:01 / All) TheTruhanShow: pies
(39:02 / All) TheTruhanShow: seriously?
(39:06 / All) Truhan: what
(39:07 / All) Truhan: I killed blue
(39:09 / All) TheTruhanShow: do you not know the meaning of "dont let this guy get a win"
(39:22 / All) TheTruhanShow: dont ever ask me to play with you again, you're a fucking retard